 Dungeon Crawl Stone Soup version 0.31-a0-1074-g0b22e4e0f1 (webtiles) character file.

Game seed: 5669894220059717868

51 BigPumpCobain the Poker (level 3, 30/30 HPs)
             Began as a Merfolk Fighter on Dec 8, 2023.
             Quit the game on level 2 of the Dungeon.
             The game lasted 00:01:58 (877 turns).

BigPumpCobain the Poker (Merfolk Fighter)            Turns: 877, Time: 00:01:59

Health: 30/30      AC:  6    Str: 18    XL:     3   Next: 81%
Magic:  3/3        EV:  9    Int:  7    God:
Gold:   42         SH:  5    Dex: 13    Spells: 2/2 levels left

rFire   . . .        a - +0 trident
rCold   . . .        c - +0 buckler
rNeg    + . .        l - +0 scale mail {rN+}
rPois   .            (no helmet)
rElec   .            (no cloak)
rCorr   .            (no gloves)
SInv    .            (no boots)
Will    .....        i - amulet of magic regeneration Stlth
                     (no ring)
HPRegen 0.25/turn    (no ring)
MPRegen 0.48/turn

%: no passive effects
@: no status effects
A: (nimble swimmer 2), mertail
a: no special abilities


You were on level 2 of the Dungeon.
You visited 1 branch of the dungeon, and saw 2 of its levels.

You collected 42 gold pieces.

Inventory:

Hand Weapons
 a - a +0 trident (weapon)
 k - a +1 dagger of venom
Armour
 c - a +0 buckler (worn)
 l - a +0 scale mail of positive energy (worn)
Jewellery
 i - an amulet of magic regeneration (around neck)
Scrolls
 b - a scroll of brand weapon {unknown}
 e - a scroll of enchant armour {unknown}
 f - a scroll of identify {unknown}
 g - a scroll of torment {unknown}
Potions
 d - 2 potions of might
 h - a potion of heal wounds {unknown}
 j - a potion of brilliance {unknown}


   Skills:
 + Level 3.7 Fighting
 * Level 3.8 Polearms
 + Level 2.4 Armour
 + Level 3.4 Shields


You had 2 spell levels left.
You didn't know any spells.
Your spell library was empty.

Dungeon Overview and Level Annotations

Branches:
Dungeon (2/15)

Altars:


Innate Abilities, Weirdness & Mutations

((You are very nimble when in or above water. (Stealth+, EV+, Speed+++)))
Your lower body shifts to a powerful aquatic tail in water.


Message History

A kobold comes into view. It is wielding a +0 dagger.
The kobold shouts!
You reach to attack!
You barely miss the kobold. You closely miss the kobold.
You block the kobold's attack. The kobold hits you with a +0 dagger.
You hit the kobold.
The kobold is severely wounded.
The kobold hits you but does no damage.
You puncture the kobold!
You kill the kobold!
No target in view!
You see here a +0 dagger.
A kobold comes into view. It is wielding a +0 dagger.
The kobold shouts!
Unknown command.
Are you sure you want to abandon this character and quit the game? (Confirm with "yes".)

#####.#..########
#.....#..#
#.######.#### ##
#.######....# ..
.........##)## .#
#.#########..# .#
..# ##.####.# ###
#....#.# ####.@.#
###.# .# .# .. K#
.# .#


You could see a kobold.

Vanquished Creatures
  2 gnolls (D:1)
  A dart slug (D:1)
  5 endoplasms
  A giant cockroach (D:1)
  3 goblins
  3 hobgoblins
  A quokka (D:1)
  4 ball pythons (D:1)
  3 bats (D:1)
  A frilled lizard (D:1)
  3 kobolds
  4 rats (D:1)
31 creatures vanquished.

Notes
Turn   | Place    | Note
-------+----------+-------------------------------------------
     0 | D:1      | BigPumpCobain the Merfolk Fighter began the quest for the
                  | Orb.
     0 | D:1      | Reached XP level 1. HP: 18/18 MP: 1/1
    86 | D:1      | Reached XP level 2. HP: 24/24 MP: 2/2
   189 | D:1      | Reached XP level 3. HP: 29/29 MP: 3/3
   877 | D:2      | Quit the game

Illustrated notes

Levels and vault maps discovered:
D:1:      lemuel_arrival_room, layout_rooms, amcnicky_mini_rare_corridor_liquid
D:2:      layout_basic

Skill      XL: |  1 |
---------------+----+-----
Polearms       | 3 |  3.8
Fighting       | |  3.7
Armour         | |  2.4
Shields        | |  3.4

Action                     || total
---------------------------++-------
  Melee: Trident           ||    78
 Armour: Scale mail        ||    30
  Dodge: Dodged            ||    33
  Block: Buckler           ||     8

Table legend: (Time is in decaauts)
 A = Elapsed time spent in this place.
 B = Non-inter-level travel time spent in this place.
 C = Inter-level travel time spent in this place.
 D = Time resting spent in this place.
 E = Time spent auto-exploring this place.
 F = Levels seen in this place.
 G = Mean time per level.
                   A        B        C        D        E       F      G
               +--------+--------+--------+--------+--------+-----+--------+
         Total |    889 |    795 |     94 |      0 |    608 |   2 |  444.5 |
       Dungeon |    889 |    795 |     94 |      0 |    608 |   2 |  444.5 |
               +--------+--------+--------+--------+--------+-----+--------+

Top non-repeatable levels by time:
     D:1: 720 daAuts
     D:2: 168 daAuts
